 Dungeon Crawl Stone Soup version 0.30-a0-715-gdb4ae3ece1 (webtiles) character file.

Game seed: 11646587729546197632

95 hikkokomori the Digger (level 4, -2/24 HPs)
             Began as a Gargoyle Earth Elementalist on Jan 25, 2023.
             Slain by a gnoll
             ... wielding a +0 flail
              (11 damage)
             ... on level 3 of the Dungeon.
             The game lasted 00:03:17 (1998 turns).

hikkokomori the Digger (GrEE)                       Turns: 1998, Time: 00:03:18

Health: -2/24      AC:  6    Str: 13    XL:     4   Next: 65%
Magic:  1/7        EV: 12    Int: 16    God:
Gold:   64         SH:  0    Dex: 10    Spells: 4/7 levels left

rFire   . . .      SeeInvis .    c - +0 hand axe (venom)
rCold   . . .      Faith    .    (no shield)
rNeg    + . .      Spirit   .    a - +0 robe
rPois   ∞          Reflect  .    (no helmet)
rElec   +          Harm     .    k - +0 cloak
rCorr   .          Rampage  .    (no gloves)
Will    .....                    (no boots)
Stlth   ++                       (no amulet)
HPRegen 0.24/turn                (no ring)
MPRegen 0.10/turn                (no ring)

@: no status effects
A: sickness immunity, AC +3, negative energy resistance 1, electricity
resistance, torment resistance 1, petrification resistance
a: no special abilities


You were on level 3 of the Dungeon.
You visited 1 branch of the dungeon, and saw 3 of its levels.

You collected 64 gold pieces.

Inventory:

Hand Weapons
 c - a +0 hand axe of venom (weapon)
Armour
 a - a +0 robe (worn)
 d - a +0 ring mail
 k - a +0 cloak (worn)
Wands
 i - a wand of charming (8)
 j - a wand of mindburst (7)
Scrolls
 f - a scroll of enchant armour {unknown}
 g - 4 scrolls of magic mapping {unknown}
 h - 3 scrolls of identify {unknown}
Potions
 b - a potion of magic
 e - 2 potions of curing {unknown}
 l - a potion of lignification {unknown}
 m - a potion of mutation {unknown}


   Skills:
 - Level 1.9 Dodging
 - Level 2.7 Stealth
 - Level 2.3 Spellcasting
 + Level 2.3 Translocations
 - Level 1.2 Transmutations
 - Level 4.0 Earth Magic


You had 4 spell levels left.
You knew the following spells:

 Your Spells              Type           Power      Damage    Failure   Level
a - Sandblast             Erth           28%        2d8       3%          1
b - Blink                 Tloc           18%        N/A       12%         2

Your spell library contained the following spells:

 Spells                   Type           Power      Damage    Failure   Level
 Passwall                 Tmut/Erth      8%         N/A       11%         2
 Lesser Beckoning         Tloc           18%        N/A       12%         2
 Momentum Strike          Conj/Tloc      10%        3d8       19%         2
 Stone Arrow              Conj/Erth      16%        3d8       26%         3
 Portal Projectile        Hex/Tloc       10%        N/A       36%         3
 Tukima's Dance           Hex            1%         N/A       52%         3
 Petrify                  Tmut/Erth      10%        N/A       56%         4
 Summon Ice Beast         Ice/Summ       1%         N/A       89%         4
 Blade Hands              Tmut           2%         N/A       98%         5
 Summon Mana Viper        Hex/Summ       1%         N/A       99%         5
 Monstrous Menagerie      Summ           0%         N/A       100%        7


Dungeon Overview and Level Annotations

Branches:
Dungeon (3/15)

Altars:

Annotations:
D:2 1 runed translucent door, Crazy Yiuf


Innate Abilities, Weirdness & Mutations

You are immune to sickness and miasma.
Your stone body is resilient. (AC +3)
You are immune to poison.
You resist negative energy. (rN+)
You are resistant to electric shocks. (rElec)
You are resistant to unholy torment.
You are immune to petrification.


Message History

The jackal closely misses you.
The blast of sand hits the jackal.
The jackal is almost dead.
The jackal bites you but does no damage.
The jackal closely misses you. The jackal misses you.
The jackal bites you but does no damage.
The blast of sand hits the jackal.
You kill the jackal!
The jackal stops to sniff the ground.
The jackal barely misses you.
The jackal bites you but does no damage.
The blast of sand hits the jackal but does no damage.
The jackal misses you. x2
The blast of sand hits the jackal.
The jackal is moderately wounded.
The jackal bites you but does no damage. x2
You are out of magic!
You barely miss the jackal.
The jackal is moderately wounded.
The jackal bites you but does no damage. x2
You hit the jackal.
The jackal is poisoned.
The jackal is almost dead.
The jackal barely misses you. The jackal misses you.
You barely miss the jackal.
The jackal is almost dead.
The jackal closely misses you.
The jackal bites you but does no damage.
You slash the jackal!
You kill the jackal!
A ball python comes into view.
The gnoll hits you with a +0 flail.
A jackal comes into view.
You barely miss the gnoll. The gnoll hits you with a +0 flail.
You hit the gnoll but do no damage.
The gnoll is poisoned.
The gnoll closely misses you.
There is a stone staircase leading down here.
The gnoll attacks as you move away! The gnoll completely misses you.
The gnoll attacks as you move away! The gnoll hits you with a +0 flail!
The gnoll attacks as you move away! The gnoll hits you with a +0 flail!
You die...

#..............###.......
#####...###.....##.......
+.......#...S...##.......
#######.........#########
#.........# #.#..[.....
#.....#+###
########...#.#
.......@g>...#
##########†#...+ #)....#
........ ~~~....~~
~≈≈~....~≈ ~~≈h....~~
..........


You could see a gnoll (very poisoned) and a ball python (wandering).

Vanquished Creatures
  A gnoll (D:3)
  A worm (D:2)
  3 dart slugs
  An orc (D:3)
  8 endoplasms
  3 giant cockroaches
  8 goblins (D:2)
  7 hobgoblins
  11 jackals
  A quokka (D:2)
  A ball python (D:2)
  2 bats (D:1)
  9 frilled lizards
  7 kobolds
  4 rats (D:2)
67 creatures vanquished.

Notes
Turn   | Place    | Note
-------+----------+-------------------------------------------
     0 | D:1      | hikkokomori the Gargoyle Earth Elementalist began the quest
                  | for the Orb.
     0 | D:1      | Reached XP level 1. HP: 10/10 MP: 3/3
   104 | D:1      | Reached skill level 1 in Transmutations
   104 | D:1      | Reached XP level 2. HP: 6/15 MP: 0/5
   782 | D:1      | Reached XP level 3. HP: 19/19 MP: 2/6
   870 | D:1      | Reached skill level 4 in Earth Magic
  1044 | D:2      | Learned a level 2 spell: Blink
  1331 | D:2      | Reached skill level 1 in Translocations
  1349 | D:2      | Reached XP level 4. HP: 22/24 MP: 4/7
  1860 | D:2      | Found a runed translucent door.
  1861 | D:2      | Noticed Crazy Yiuf
  1998 | D:3      | Slain by a gnoll

Illustrated notes

Levels and vault maps discovered:
D:1:      eino_arrival_water_cross, layout_basic
D:2:      layout_loops_cross, chequers_garden, minmay_goblin_outpost,
          uniq_crazy_yiuf_cottage
D:3:      lemuel_castle_with_subvaults [lemuel_castle_interior_original],
          layout_basic, mainiacjoe_overflow_alcove_2

Skill      XL: |  1  2  3  4 |
---------------+-------------+-----
Transmutations | 1 |  1.2
Earth Magic    | 4 |  4.0
Translocations | 1 2 |  2.3
Dodging        | |  1.9
Stealth        | |  2.7
Spellcasting   | |  2.3

Action                     |  1- 3 |  4- 6 || total
---------------------------+-------+-------++-------
  Melee: Hand axe          |    92 |    12 ||   104
   Cast: Sandblast         |    26 |    27 ||    53
   Stab: Sleeping          |     2 |       ||     2
 Armour: Robe              |    30 |    11 ||    41
  Dodge: Dodged            |    68 |    18 ||    86

Table legend: (Time is in decaauts)
 A = Elapsed time spent in this place.
 B = Non-inter-level travel time spent in this place.
 C = Inter-level travel time spent in this place.
 D = Time resting spent in this place.
 E = Time spent auto-exploring this place.
 F = Levels seen in this place.
 G = Mean time per level.
                   A        B        C        D        E       F      G
               +--------+--------+--------+--------+--------+-----+--------+
         Total |   2054 |   1991 |     63 |      7 |   1593 |   3 |  684.7 |
       Dungeon |   2054 |   1991 |     63 |      7 |   1593 |   3 |  684.7 |
               +--------+--------+--------+--------+--------+-----+--------+

Top non-repeatable levels by time:
     D:1: 1015 daAuts
     D:2: 936 daAuts
     D:3: 103 daAuts
